CorruptionSegfaultFreeze, neutral female scurrid Tourist |.. |@. |j. V CorruptionSegfaultFreeze the Rambler Experience level: 1 Strength: 13 Dexterity: 11 Constitution: 13 Intelligence: 11 Wisdom: 10 Charisma: 18 Health: 0(9) Energy: 2(2) Def: 0 Gold: 710 Moves: 83 Dungeon seed: EyfzhzsI2EUx7WA4 Game ID: CorruptionSegfaultFreeze_1498593273 Your Inventory: Coins $ - 710 gold pieces Weapons a - 41 uncursed +2 darts (in quiver) Armor e - an uncursed +0 Hawaiian shirt (being worn) Comestibles b - 2 uncursed food rations c - 2 uncursed tripe rations d - an uncursed pancake f - 4 uncursed chestnuts g - 2 uncursed lembas wafers h - an uncursed tin of spinach Scrolls j - 4 uncursed scrolls of magic mapping Potions i - 2 uncursed potions of extra healing Wands m - an uncursed wand of secret door detection (0:15) Tools k - an uncursed expensive camera (0:70) l - an uncursed credit card n - an uncursed towel Spells and supernatural/magical abilities: Name Level Category Fail Memory W - pray for help -- divine ? -- Your skills at the end: Miscellaneous Skills wands [Basic] Weapon Skills dart [Basic] Spellcasting Skills Final Attributes: You were devoutly aligned. You were hallucinating. You had infravision. You were very stealthy. You are dead. Vanquished creatures: a gelatinous cube a homunculus a goblin a grid bug and a partridge in a pear tree 4 creatures vanquished. Voluntary challenges: You did not adorn yourself with jewelry or accessories. You did not cause conflict. You were not invisible. You did not have reflection. You were not displaced. You were an atheist. You never hit with a wielded weapon. You did not use tools. You did not use plumbed fixtures. You were illiterate. You never genocided any monsters. You never polymorphed an object. You never changed form. You used no wishes. You never split a pudding. You never wrote Elbereth's name. You never violated your personal moral code. Dungeon overview: The Dungeons of Doom: levels 1 to 25 Level 1 a long staircase Level 2 Level 3 Level 4 Level 5 Level 6 Level 7 Level 8 Level 9 Level 10 Level 11 a fountain Level 12 Level 13 Level 14 Level 15 Level 16 a fountain Level 17 Level 18 Level 19 Level 20 Level 21 Level 22 Level 23 Level 24 Level 25 <- You were here History has recorded: On T:1 you entered the Dungeons of Doom to retrieve the Amulet of Yendor! On T:4 you reached level 2 of The Dungeons of Doom. On T:6 you reached level 3 of The Dungeons of Doom. On T:12 you reached level 4 of The Dungeons of Doom. On T:14 you reached level 5 of The Dungeons of Doom. On T:34 you reached level 6 of The Dungeons of Doom. On T:36 you reached level 7 of The Dungeons of Doom. On T:38 you reached level 8 of The Dungeons of Doom. On T:40 you reached level 9 of The Dungeons of Doom. On T:43 you reached level 10 of The Dungeons of Doom. On T:45 you reached level 11 of The Dungeons of Doom. On T:48 you reached level 12 of The Dungeons of Doom. On T:50 you reached level 13 of The Dungeons of Doom. On T:52 you reached level 14 of The Dungeons of Doom. On T:55 you reached level 15 of The Dungeons of Doom. On T:55 you entered the Rogue tribute level. On T:57 you reached level 16 of The Dungeons of Doom. On T:59 you reached level 17 of The Dungeons of Doom. On T:64 you reached level 18 of The Dungeons of Doom. On T:67 you reached level 19 of The Dungeons of Doom. On T:69 you reached level 20 of The Dungeons of Doom. On T:74 you reached level 21 of The Dungeons of Doom. On T:76 you reached level 22 of The Dungeons of Doom. On T:79 you reached level 23 of The Dungeons of Doom. On T:81 you reached level 24 of The Dungeons of Doom. On T:83 you reached level 25 of The Dungeons of Doom. Score breakdown: Gold: 0 ( 0 points) Experience: 1 level ( 0 points) Exploration: 25 levels ( 720 points) Discoveries: 1 item ( 50 points) Variety of kills: 4 monsters ( 200 points) Major goal: (nothing yet) ( 0 points) Survival: died (score multiplied by 3) Total score: 2910 Latest messages: You dig a hole through the floor. You fall through... You start digging downward. You continue digging downward. You dig a pit in the floor. You continue digging downward. You dig a hole through the floor. You fall through... You start digging downward. You continue digging downward. You dig a pit in the floor. You continue digging downward. You dig a hole through the floor. You fall through... You start digging downward. You continue digging downward. You dig a pit in the floor. You continue digging downward. You dig a hole through the floor. You fall through... The snake vaccinates you! You die... Final status: Aloha CorruptionSegfaultFreeze the Tourist, killed by a hallucinogen-distorted titan... You died in The Dungeons of Doom on dungeon level 25 with 2910 points, and 710 pieces of gold, after 83 moves. You were level 1 with a maximum of 9 hit points when you died.